 Dungeon Crawl Stone Soup version 0.17.0-28-g6e173f8 (webtiles) character file.

4672 kosy22 the Nimble (level 10, -1/96 HPs)
             Began as a Troll Fighter on Nov 22, 2015.
             Was a Follower of Nemelex Xobeh.
             Slain by a salamander (7 damage)
             ... on level 1 of the Lair of Beasts.
             The game lasted 00:29:07 (8039 turns).

kosy22 the Nimble (Troll Fighter)                   Turns: 8039, Time: 00:29:08

Health: -1/96      AC:  8    Str: 34    XL:     10   Next: 21%
Magic:  0/9        EV: 11    Int:  4    God:    Nemelex Xobeh [*.....]
Gold:   195        SH: 11    Dex:  9    Spells: 1 memorised, 8 levels left

rFire  + . .     SeeInvis .       - Unarmed
rCold  . . .     Clarity  .     a - +0 robe
rNeg   . . .     SustAt   .     b - +0 shield
rPois  .         Gourm    +     (helmet restricted)
rElec  .         Spirit   +     i - +2 cloak
rCorr  .         Warding  .     (gloves unavailable)
rMut   .         Stasis   .     (boots unavailable)
MR     +....                    K - amulet of guardian spirit
Stlth  +.........               D - ring of protection from fire
                                o - ring of protection from magic

@: mighty, somewhat resistant to hostile enchantments, very unstealthy
A: unfitting armour, claws 3, fast metabolism 3, gourmand, regeneration 2,
shaggy fur 1, tough skin 2
a: Renounce Religion


You were on level 1 of the Lair of Beasts.
You worshipped Nemelex Xobeh.
Nemelex Xobeh was aware of your devotion.
You were not hungry.

You visited 3 branches of the dungeon, and saw 10 of its levels.
You also visited: Sewer.

You collected 447 gold pieces.
You spent 252 gold pieces at shops.

Inventory:

Hand Weapons
 t - a +0 blowgun
Missiles
 B - 4 needles of slowing
 F - a poisoned needle
 J - a throwing net (quivered)
Armour
 a - a +0 robe (worn)
 b - a +0 shield (worn)
 i - a +2 cloak (worn)
Magical Staves
 n - an uncursed staff of air
Jewellery
 o - a ring of protection from magic (left claw)
 w - an uncursed ring of protection from fire
 D - a ring of protection from fire (right claw)
 E - an uncursed amulet of faith
 I - an uncursed amulet of regeneration
 K - an amulet of guardian spirit (around neck)
 M - an uncursed amulet of rage
Wands
 N - a wand of polymorph (2)
Scrolls
 e - 7 scrolls of identify
 g - 6 scrolls of recharging
 k - a scroll of enchant armour
 l - a scroll of acquirement {unknown}
 p - a scroll of enchant weapon {unknown}
 r - 4 scrolls of fog
 s - 2 scrolls of remove curse
 v - 3 scrolls of teleportation
 O - 2 scrolls of vulnerability {unknown}
Potions
 c - 3 potions of might
 f - 2 potions of brilliance
 h - 2 potions of heal wounds
 j - a potion of lignification {unknown}
 q - 4 potions of magic
 x - a potion of curing
 z - a potion of mutation {unknown}
 C - a potion of berserk rage {unknown}
 L - a potion of invisibility {unknown}
Books
 u - a Necronomicon

   Spells                             Type                      Level
   a - Haunt                          Necromancy/Summoning         7
   b - Borgnjor's Revivification      Necromancy                   8
   c - Death's Door                   Charms/Necromancy            8
   d - Necromutation                  Transmutation/Necromancy     8
 A - the Disquisition on Destructive Bewitchment
   (You found it on level 5 of the Dungeon)

   Spells                             Type                      Level
   a - Magic Dart                     Conjuration                  1
   b - Sting                          Conjuration/Poison           1
   c - Ensorcelled Hibernation        Hexes/Ice                    2
   d - Silence                        Hexes/Air                    5
   e - Discord                        Hexes                        8
Miscellaneous
 y - an ornate deck of destruction
 G - a plain deck of destruction
Comestibles
 d - 7 bread rations
 m - 5 meat rations
 H - 7 beef jerkies


   Skills:
 + Level 5.4 Fighting
 + Level 2.2 Throwing
 + Level 8.3 Dodging
 + Level 1.0 Stealth
 + Level 6.0 Shields
 + Level 7.2 Unarmed Combat


You had 8 spell levels left.
You knew the following spells:

 Your Spells              Type           Power        Failure   Level  Hunger
a - Magic Dart            Conj           #...         90%         1    ##.....


Dungeon Overview and Level Annotations

Branches:
Dungeon (8/15)             Temple (1/1) D:7            Lair (1/8) D:8

Altars:
Cheibriados
Dithmenos
Makhleb
Nemelex Xobeh
Ru
Xom
Zin

Shops:
D:5 (}((   D:6 (


Innate Abilities, Weirdness & Mutations

You are too large for most types of armour.
You have claws for hands.
Your metabolism is lightning-fast.
You like to eat raw meat.
You heal very quickly.
You are covered in fur (AC +1).
You have very tough skin (AC +2).


Message History

Drink which item? (? for menu, Esc to quit)
You feel better. The salamander hits you.
You are engulfed in flames.
You resist.
* * * LOW HITPOINT WARNING * * *
Drink which item? (? for menu, Esc to quit)
You feel very mighty all of a sudden. The salamander hits you.
* * * LOW HITPOINT WARNING * * *
You are engulfed in flames.
You resist.
* * * LOW HITPOINT WARNING * * *
You mangle the salamander!!
The salamander is heavily wounded.
You block the salamander's attack.
You closely miss the salamander.
The salamander is heavily wounded.
The salamander hits you!
* * * LOW HITPOINT WARNING * * *
You are engulfed in flames!
You resist.
You die...
Your body disappears without a glow.

#.........####...#####.
P...............## #.
#...............# #.
#...............## #.
#......(.........# ##.
##................# #..
#................## ##.
#...............# #.
#....N@.........# #.
#...............# #.
#...............# #.
#........>.......# #.
#................# #..
#...............## ##.
#...............# #.
#.................
................


You could see a salamander.

Vanquished Creatures
  A hill giant (D:7)
  Pikel (D:5)
  A komodo dragon (Lair:1)
  Grinder (D:6)
  Sigmund (D:5)
  A wyvern (D:8)
  The ghost of Alethiolet the Cutter, an amateur CeSk (Sewer)
  Menkaure (D:7)
  A water moccasin (Lair:1)
  A sky beast (D:7)
  3 ogres
  An orc warrior (D:5)
  6 worker ants
  2 phantoms
  A centaur (D:6)
  A crocodile (D:7)
  4 giant frogs
  Dowan (D:5)
  3 scorpions
  10 wights
  A quasit (D:6)
  2 centaur skeletons
  A giant frog zombie (D:5)
  A crimson imp (D:5)
  2 giant frog skeletons
  2 orc wizards
  2 hounds
  4 iguanas (D:7)
  A sheep (Lair:1)
  A hound skeleton (D:8)
  11 adders
  4 gnolls
  A river rat (Sewer)
  A shadow imp (D:7)
  An ooze (D:2)
  6 worms
  15 giant geckos
  14 orcs
  10 giant cockroaches
  12 hobgoblins
  11 jackals
  13 kobolds
  6 quokkas
  17 ball pythons
  7 bats
  2 giant gecko skeletons
  A giant gecko zombie (D:8)
  10 giant newts
  7 goblins
  32 rats
240 creatures vanquished.

Vanquished Creatures (others)
  Duvessa (D:5)
  2 slaves (D:5)
3 creatures vanquished.

Grand Total: 243 creatures vanquished

Notes
Turn   | Place    | Note
--------------------------------------------------------------
     0 | D:1      | kosy22 the Troll Fighter began the quest for the Orb.
     0 | D:1      | Reached XP level 1. HP: 22/22 MP: 0/0
   114 | D:1      | Reached XP level 2. HP: 27/29 MP: 1/1
  1039 | D:1      | Reached XP level 3. HP: 36/36 MP: 2/2
  1188 | D:2      | Reached skill level 3 in Dodging
  1199 | D:2      | Found a faded altar to an unknown god.
  1390 | D:2      | Reached XP level 4. HP: 43/45 MP: 3/3
  2156 | D:3      | Reached XP level 5. HP: 53/53 MP: 4/4
  3078 | D:4      | Found a glowing drain.
  3110 | Sewer    | Entered a sewer
  3139 | Sewer    | Noticed Alethiolet's ghost (amateur CeSk)
  3157 | Sewer    | Killed Alethiolet's ghost
  3157 | Sewer    | Reached skill level 4 in Dodging
  3157 | Sewer    | Reached XP level 6. HP: 46/61 MP: 5/5
  3573 | Sewer    | Reached XP level 7. HP: 53/67 MP: 6/6
  3651 | D:4      | Noticed an ogre
  3662 | D:4      | Killed an ogre
  3662 | D:4      | Reached skill level 5 in Dodging
  4006 | D:5      | Entered Level 5 of the Dungeon
  4008 | D:5      | Noticed Pikel
  4013 | D:5      | Noticed Dowan
  4014 | D:5      | Noticed Duvessa
  4023 | D:5      | Killed Pikel
  4023 | D:5      | Reached skill level 6 in Dodging
  4023 | D:5      | Reached XP level 8. HP: 74/78 MP: 7/7
  4031 | D:5      | Killed Duvessa
  4041 | D:5      | Killed Dowan
  4256 | D:5      | Reached skill level 5 in Unarmed Combat
  4280 | D:5      | Found Sietunuf's Gadget Shop.
  4328 | D:5      | Noticed Sigmund
  4346 | D:5      | Killed Sigmund
  4395 | D:5      | Found Emymenk's Antique Weapon Emporium.
  4485 | D:5      | Found Ypito's Weapon Boutique.
  4558 | D:5      | Found Waaph's Weapon Emporium.
  4564 | D:5      | Identified the Disquisition on Destructive Bewitchment (You found it on level 5 of the Dungeon)
  4584 | D:5      | Bought 5 needles of slowing for 28 gold pieces
  4680 | D:6      | Noticed Grinder
  4695 | D:6      | Paralysed by Grinder for 6 turns
  4717 | D:6      | Killed Grinder
  4717 | D:6      | Reached skill level 1 in Throwing
  4824 | D:5      | Reached XP level 9. HP: 43/85 MP: 8/8
  5014 | D:6      | Reached skill level 5 in Shields
  5035 | D:6      | Reached skill level 7 in Dodging
  5613 | D:6      | Found Ofelamit's Antique Weapon Shoppe.
  5623 | D:6      | Bought a steaming hand axe for 224 gold pieces
  5623 | D:6      | Identified the +3 hand axe of Ointment {flame, +Fly rPois MR+++ Str-2} (You bought it in a shop on level 6 of the Dungeon)
  6570 | D:7      | Noticed a hill giant
  6588 | D:7      | Killed a hill giant
  6588 | D:7      | Reached skill level 5 in Fighting
  6788 | D:7      | Noticed Menkaure
  6797 | D:7      | Found a staircase to the Ecumenical Temple.
  6806 | D:7      | Killed Menkaure
  6843 | D:7      | Reached skill level 8 in Dodging
  6873 | Temple   | Entered the Ecumenical Temple
  6902 | Temple   | Became a worshipper of Nemelex Xobeh the Trickster
  6964 | D:7      | Received a gift from Nemelex Xobeh
  7211 | D:7      | Reached XP level 10. HP: 73/96 MP: 9/9
  7624 | D:8      | Reached * piety under Nemelex Xobeh
  7624 | D:8      | Received a gift from Nemelex Xobeh
  7646 | D:8      | Learned a level 1 spell: Magic Dart
  7754 | D:8      | Found a shadowy altar of Dithmenos.
  7798 | D:8      | Found a staircase to the Lair.
  7900 | Lair:1   | Entered Level 1 of the Lair of Beasts
  8011 | Lair:1   | Reached skill level 1 in Stealth
  8028 | Lair:1   | Noticed a salamander
  8028 | Lair:1   | a komodo dragon changed into a salamander
  8039 | Lair:1   | Slain by a salamander

Action                   |  1- 3 |  4- 6 |  7- 9 | 10-12 || total
-------------------------+-------+-------+-------+-------++-------
Melee: Unarmed           |   160 |   290 |   341 |    72 ||   863
 Fire: Blowgun           |       |    33 |    29 |     2 ||    64
Throw: Throwing net      |       |       |     1 |       ||     1
Evoke: Wand              |       |       |       |     3 ||     3
  Use: Potion            |     1 |       |     4 |     3 ||     8
       Scroll            |     1 |     2 |    14 |     4 ||    21
  Eat: Chunk             |    11 |    24 |    12 |     3 ||    50
       Bread ration      |       |     1 |     2 |       ||     3
       Meat ration       |       |       |     2 |       ||     2
